 Dungeon Crawl Stone Soup version 0.28.0 (webtiles) character file.

Game seed: 12934067624822231143

186653 browni3141 the Impregnable (level 17, -8/166 HPs)
             Began as a Minotaur Berserker on Feb 16, 2022.
             Was a High Priest of Trog.
             Killed from afar by a manticore (11 damage)
             ... with a volley of spikes
             ... on level 4 of the Shoals.
             The game lasted 00:22:24 (30205 turns).

browni3141 the Impregnable (Minotaur Berserker)    Turns: 30205, Time: 00:22:25

Health: -8/166     AC: 50    Str: 29    XL:     17   Next: 43%
Magic:  16/16      EV:  8    Int:  4    God:    Trog [*****.]
Gold:   1249       SH: 15    Dex: 17    Spells: 16/16 levels left

rFire   . . .      SeeInvis +   B - +3 broad axe
rCold   . . .      Faith    .   S - +0 kite shield {AC+3}
rNeg    + . .      Spirit   .   Q - +8 orange crystal plate armour {Archmagi, Int+3 Clar}
rPois   .          Reflect  .   q - +0 mask of the Dragon {Will+ Slay+3 SInv}
rElec   .          Harm     .   R - +2 cloak {Will+}
rCorr   .          Rampage  .   e - +2 pair of gloves
Will    ++...      Archmagi +   O - +2 pair of boots
Stlth   .......... Clarity  +   v - necklace of Bloodlust {*Rage Will++ Int-3 Slay+6}
HPRegen 0.37/turn               P - +6 ring of dexterity
MPRegen 0.15/turn               D - ring of positive energy

@: weak-willed, spiked, on berserk cooldown, slowed, very slow
A: horns 2, retaliatory headbutt
}: 1/15 runes: serpentine
a: Renounce Religion, Berserk, Trog's Hand, Brothers in Arms


You were on level 4 of the Shoals.
You worshipped Trog.
Trog was extremely pleased with you.
You visited 4 branches of the dungeon, and saw 29 of its levels.

You collected 2874 gold pieces.
You spent 1625 gold pieces at shops.

Inventory:

Hand Weapons
 B - a +3 broad axe (weapon)
Armour
 a - a +0 hat of intelligence
 e - a +2 pair of gloves (worn)
 q - the +0 mask of the Dragon (worn) {Will+ Slay+3 SInv}
   (You bought it in a shop on level 12 of the Dungeon)

   Slay:      It affects your accuracy & damage with ranged weapons and melee
   (+3).
   SInv:      It lets you see invisible.
   Will:      It increases your willpower.
 s - the +7 chain mail "Nita" {rPois rF+}
   (You found it on level 3 of the Dungeon)

   rF:        It protects you from fire.
   rPois:     It protects you from poison.
 O - a +2 pair of boots (worn)
 Q - the +8 orange crystal plate armour (worn) {Archmagi, Int+3 Clar}
   (You took it off an orc warrior on level 10 of the Dungeon)

   Int:       It affects your intelligence (+3).
   Clar:      It protects you against confusion.
 R - a +2 cloak of willpower (worn)
 S - a +0 kite shield of protection (worn)
Jewellery
 o - an amulet of reflection
 u - the ring "Xuf Feid" {Fire Int+3 Slay+3}
   (You found it on level 4 of the Shoals)

   [ring of fire]

   It enhances your fire magic.
   Int:       It affects your intelligence (+3).
   Slay:      It affects your accuracy & damage with ranged weapons and melee
   (+3).
   rF:        It protects you from fire.
   rC:        It makes you vulnerable to cold.
 v - the necklace of Bloodlust (around neck) {*Rage Will++ Int-3 Slay+6}
   (You found it on level 1 of the Lair of Beasts)

   [amulet of nothing]

   It extends the wearer's berserk rage when killing foes.
   Int:       It affects your intelligence (-3).
   Slay:      It affects your accuracy & damage with ranged weapons and melee
   (+6).
   *Rage:     It berserks you when you make melee attacks (+50% chance).
   Will:      It greatly increases your willpower.
 y - the amulet "Zeizaz" {Spirit *Corrode rPois rN+}
   (You bought it in a shop on level 3 of the Snake Pit)

   [amulet of guardian spirit]

   It causes incoming damage to be divided between your reserves of health and
   magic.
   rPois:     It protects you from poison.
   rN:        It protects you from negative energy.
   *Corrode:  It may corrode you when you take damage.
 C - the ring "Teonapou" {Ice Fly Dex+2}
   (You found it on level 6 of the Dungeon)

   [ring of ice]

   It enhances your ice magic.
   Dex:       It affects your dexterity (+2).
   rF:        It makes you vulnerable to fire.
   rC:        It protects you from cold.
   Fly:       It grants you flight.
 D - a ring of positive energy (right hand)
 P - a +6 ring of dexterity (left hand)
Wands
 b - a wand of polymorph (12)
 t - a wand of mindburst (27)
 G - a wand of iceblast (14)
 H - a wand of paralysis (18)
 N - a wand of flame (6)
 X - a wand of acid (13)
 Y - a wand of digging (5)
Scrolls
 d - 3 scrolls of enchant armour
 h - 7 scrolls of noise
 i - 3 scrolls of silence
 j - a scroll of amnesia
 m - 4 scrolls of vulnerability
 p - 8 scrolls of teleportation
 r - 6 scrolls of immolation
 w - 4 scrolls of fog
 z - a scroll of identify
 L - a scroll of torment
 M - a scroll of blinking
 T - 3 scrolls of fear
 U - 2 scrolls of summoning
Potions
 c - 3 potions of haste
 f - a potion of invisibility
 g - 2 potions of magic
 k - 6 potions of might
 l - 14 potions of curing
 n - 3 potions of mutation {unknown}
 x - a potion of berserk rage {unknown}
 A - 5 potions of ambrosia {unknown}
 E - 3 potions of flight {unknown}
 F - 4 potions of lignification {unknown}
 I - 2 potions of brilliance
 J - 2 potions of cancellation {unknown}
 K - a potion of resistance {unknown}
 W - 3 potions of heal wounds {unknown}


   Skills:
 + Level 18.6 Fighting
 - Level 18.0 Axes
 * Level 21.8 Armour
 - Level 2.1 Dodging
 * Level 18.3 Shields


You had 16 spell levels left.
You didn't know any spells.
Your spell library was empty.

Dungeon Overview and Level Annotations

Branches:
Dungeon (15/15)            Temple (0/1) D:4            Lair (6/6) D:10
 Shoals (4/4) Lair:2        Snake (4/4) Lair:3        Slime (0/5) Lair:6
    Orc (0/2) D:10         Vaults (0/5) D:13         Depths (0/4) D:15

Altars:
Fedhas
Uskayaw
Wu Jian
Yredelemnul
Jiyva
Lugonu

Shops:
D:2 [   D:12 [   D:13 *   Shoals:2 ?   Snake:3 =[

Portals:
Abyss: Lair:6


Innate Abilities, Weirdness & Mutations

You have a pair of horns on your head.
You reflexively headbutt those who attack you in melee.


Message History

Unknown command.
You barely miss the faun.
The faun is heavily wounded.
You slash the merfolk javelineer!
The merfolk impaler hits you but does no damage.
The faun unwields a +0 hunting sling.
The faun wields a +0 spear.
You block the faun's attack.
The merfolk javelineer throws a javelin.
The javelin pierces through you but does no damage.
Unknown command.
You slice the faun!!
You kill the faun!
Trog accepts your kill.
Trog appreciates your killing of a magic user.
You slice the merfolk javelineer!!
You kill the merfolk javelineer!
Trog accepts your kill.
The manticore flicks its tail.
You block the volley of spikes.
The merfolk impaler hits you from afar with a +0 trident.
* * * LOW HITPOINT WARNING * * *
The faun unwields a +0 quarterstaff.
The faun wields a +0 hunting sling.
The faun shoots a stone.
The stone hits you.
* * * LOW HITPOINT WARNING * * *
A sea snake comes into view.
Unknown command.
The sea snake hisses angrily.
The satyr plays a frightful melody on his pipes!
The satyr radiates an aura of fear!
You are unaffected.
You block the merfolk impaler's attack.
You feel a strong urge to attack something.
The merfolk impaler barely misses you.
You are no longer berserk.
You are exhausted.
You feel yourself slow down.
The merfolk impaler hits you but does no damage.
The manticore flicks its tail.
The volley of spikes hits you!
The barbed spikes become lodged in your body.
You die...

.....≈........##########
.))..≈.....#..##≈≈......
.)...≈≈....#..##≈≈......
##.<.≈≈≈...#..)#≈.......
P)))≈..≈≈.$.≈≈≈)).......
.≈≈≈≈≈≈...≈≈≈≈≈≈≈)......
.≈≈≈≈≈≈≈≈≈≈≈≈≈H))†......
.≈≈≈≈≈≈≈≈≈≈≈≈≈)))##.....
≈≈≈≈≈≈≈≈≈≈≈≈≈≈≈)@)m..PP.
≈≈≈≈.≈≈.≈≈≈≈≈≈≈)##cc##..
≈≈≈≈≈≈....≈≈≈≈##....S...
≈≈≈≈≈..###.≈≈≈# c§ ....P
≈≈≈≈≈≈.. #.≈≈≈. .. φ....
...≈≈≈ .. .... .≈≈≈≈ ...
#


You could see a merfolk impaler, a satyr (strong), a sea snake, a faun (strong)
and a manticore.

Vanquished Creatures
  Vashnia (Snake:4)
  Gastronok (D:11)
  3 nagarajas (Snake:4)
  Kirke (D:13)
  The ghost of Tamoilox the Fighter, a journeyman DsMo of Jiyva (Lair:3)
  The ghost of SweetAndFullOfGrace the Severer, a journeyman MiBe of Trog (Lair:3)
  Josephine (D:11)
  Snorg (D:11)
  The ghost of Deesahac the Severer, a journeyman BaFi of Cheibriados (Lair:3)
  A merfolk javelineer (Shoals:4)
  3 merfolk impalers
  Fannar (D:12)
  11 hydras
  A fire dragon (D:15)
  5 naga warriors
  A salamander tyrant (Snake:4)
  Erolcha (D:9)
  5 anacondas
  A boulder beetle (D:15)
  An ogre mage (D:13)
  A catoblepas (Lair:4)
  The ghost of WindUpCitrus the Thaumaturge, a journeyman DEFE of Vehumet (Lair:3)
  An alligator snapping turtle (Shoals:2)
  3 merfolk aquamancers
  4 centaur warriors
  The ghost of GilGalad the Cleaver, a novice MiFi of Makhleb (D:9)
  3 satyrs (Shoals:4)
  8 two-headed ogres
  A vampire mage (D:15)
  3 thrashing horrors (Lair:6)
  13 death yaks
  A shock serpent (Snake:2)
  Sonja (D:13)
  A storm dragon zombie (D:15)
  8 naga sharpshooters (Snake:4)
  Nergalle (D:11)
  A fire crab (Lair:6)
  7 skeletal warriors
  9 naga ritualists (Snake:4)
  A sea snake (Shoals:1)
  6 salamander mystics
  2 wizards
  An orc knight (D:10)
  A necromancer (D:15)
  2 lindwurms (D:11)
  2 stone giant zombies (D:15)
  5 mana vipers (Snake:4)
  4 deep elf pyromancers
  10 salamanders
  6 manticores
  5 cyclopes
  A wolf spider (D:12)
  18 ugly things
  7 fauns (Shoals:4)
  3 merfolk sirens
  17 elephants
  A fire giant skeleton (D:15)
  3 guardian serpents (Snake:4)
  24 black mambas
  Maurice (D:11)
  3 gargoyles
  9 naga magi
  A water nymph (Shoals:4)
  16 cane toads
  An unseen horror (D:12)
  Psyche (D:11)
  6 rime drakes
  3 torpor snails
  A kobold demonologist (D:12)
  A freezing wraith (D:15)
  A tengu conjurer (D:10)
  10 komodo dragons
  2 efreet (D:14)
  An ancient zyme (Lair:6)
  8 trolls
  3 meliai (D:15)
  3 tyrant leeches (D:11)
  13 merfolk
  A hornet (D:10)
  A queen bee (shapeshifter) (D:15)
  6 polar bears
  A wolf spider simulacrum (D:15)
  5 dream sheep (Lair:6)
  A tarantella (shapeshifter) (D:14)
  3 large abominations (Lair:6)
  A snapping turtle (Shoals:1)
  15 slime creatures
  36 blink frogs
  2 shadows
  4 ynoxinuls (Lair:6)
  26 yaks
  A spriggan (shapeshifter) (D:15)
  3 wyverns
  3 water elementals
  A spriggan (Lair:6)
  8 wraiths
  3 hogs (D:13)
  3 chaos spawn (Lair:6)
  A hog (shapeshifter) (D:13)
  9 basilisks
  8 redbacks (D:12)
  3 vampire mosquitoes (D:13)
  36 nagas
  2 acid dragons
  14 water moccasins
  2 hell hounds (D:11)
  10 orc warriors
  2 ice beasts (D:7)
  3 sky beasts
  2 black bears
  4 ogres
  6 wolves
  4 centaurs
  A phantom (D:7)
  Blork the orc (D:4)
  13 bullfrogs
  A gnoll sergeant (D:9)
  A wyvern zombie (D:9)
  A killer bee (D:10)
  5 wights
  6 electric eels
  A howler monkey (D:10)
  8 small abominations (Lair:6)
  A bullfrog zombie (D:5)
  5 jellies
  7 centaur zombies
  8 hounds
  Crazy Yiuf (D:5)
  9 orc priests
  2 hell rats (D:11)
  2 iguanas (D:6)
  7 orc wizards
  A scorpion zombie (D:5)
  A centaur simulacrum (D:10)
  A howler monkey zombie (D:9)
  4 gnolls (D:9)
  8 adders
  4 river rats (D:11)
  2 shadow imps (D:8)
  3 white imps
  10 worms
  3 dart slugs
  62 orcs
  4 bats
  14 endoplasms
  3 giant cockroaches
  7 goblins
  2 hobgoblins (D:4)
  13 jackals
  4 quokkas
  3 ball pythons
  3 frilled lizards
  6 kobolds
  8 rats
  A bush (Lair:5)
790 creatures vanquished.

Vanquished Creatures (collateral kills)
  A nagaraja (Snake:4)
  2 naga warriors (Snake:4)
  2 salamander mystics (Snake:4)
  A guardian serpent (Snake:4)
6 creatures vanquished.

Vanquished Creatures (others)
  A salamander mystic (Snake:3)
  A merfolk (Shoals:4)
  43 fungi
  97 plants
  3 withered plants
145 creatures vanquished.

Grand Total: 941 creatures vanquished

Notes
Turn   | Place    | Note
-------+----------+-------------------------------------------
     0 | D:1      | browni3141 the Minotaur Berserker began the quest for the
                  | Orb.
     0 | D:1      | Reached XP level 1. HP: 19/19 MP: 0/0
    77 | D:1      | Reached XP level 2. HP: 13/23 MP: 1/1
   580 | D:1      | Reached skill level 3 in Armour
  1194 | D:2      | Reached XP level 3. HP: 27/32 MP: 0/2
  1398 | D:2      | Reached ** piety under Trog
  1568 | D:2      | Reached XP level 4. HP: 22/41 MP: 0/3
  1765 | D:2      | Found a faded altar of an unknown god.
  1942 | D:2      | Found Nezejigg's Antique Armour Shoppe.
  2484 | D:3      | Reached skill level 4 in Armour
  2793 | D:3      | Reached skill level 5 in Axes
  2795 | D:3      | Reached XP level 5. HP: 45/47 MP: 2/4
  2960 | D:3      | Reached skill level 5 in Fighting
  3163 | D:3      | Reached XP level 6. HP: 51/56 MP: 5/5
  3262 | D:3      | Identified the +7 chain mail "Nita" {rPois rF+}
  3315 | D:4      | Reached skill level 5 in Armour
  3763 | D:4      | Noticed Blork the orc
  3772 | D:4      | Killed Blork the orc
  3773 | D:4      | Reached XP level 7. HP: 64/64 MP: 6/6
  3827 | D:4      | Found a staircase to the Ecumenical Temple.
  4007 | D:5      | Entered Level 5 of the Dungeon
  4055 | D:5      | Noticed a two-headed ogre
  4063 | D:5      | Killed a two-headed ogre
  4064 | D:5      | Reached skill level 7 in Armour
  4064 | D:5      | Reached XP level 8. HP: 71/73 MP: 7/7
  4520 | D:5      | Found an ornate altar of the Wu Jian Council.
  4776 | D:5      | Found a runed translucent door.
  4777 | D:5      | Noticed Crazy Yiuf
  4813 | D:5      | Killed Crazy Yiuf
  5149 | D:6      | Reached skill level 8 in Armour
  5189 | D:6      | Identified the ring "Teonapou" {Ice Fly Dex+2}
  5324 | D:6      | Reached *** piety under Trog
  5634 | D:6      | Reached XP level 9. HP: 83/83 MP: 8/8
  5951 | D:7      | Reached skill level 9 in Armour
  6119 | D:7      | Found a basalt altar of Yredelemnul.
  6619 | D:7      | Found a blossoming altar of Fedhas.
  6843 | D:8      | Reached skill level 10 in Fighting
  6843 | D:8      | Reached skill level 10 in Axes
  7005 | D:8      | Reached skill level 10 in Armour
  7192 | D:8      | Reached XP level 10. HP: 90/94 MP: 9/9
  7575 | D:9      | Noticed Erolcha
  7585 | D:9      | Killed Erolcha
  8064 | D:9      | Noticed a two-headed ogre
  8064 | D:9      | Noticed a manticore
  8070 | D:9      | Killed a two-headed ogre
  8071 | D:9      | Reached skill level 11 in Armour
  8071 | D:9      | Killed a manticore
  8207 | D:9      | Found a runed translucent door.
  8207 | D:9      | Noticed GilGalad's ghost (novice MiFi)
  8232 | D:9      | Killed GilGalad's ghost
  8374 | D:9      | Noticed a two-headed ogre
  8380 | D:9      | Killed a two-headed ogre
  8573 | D:10     | Entered Level 10 of the Dungeon
  8644 | D:10     | Reached **** piety under Trog
  8660 | D:10     | Reached XP level 11. HP: 101/104 MP: 10/10
  8676 | D:10     | Found a staircase to the Lair.
  8708 | D:10     | Reached skill level 12 in Armour
  8709 | D:10     | Noticed a six-headed hydra
  8723 | D:10     | Killed a 13-headed hydra
  9096 | D:10     | Noticed a wizard
  9103 | D:10     | Killed a wizard
  9109 | D:10     | Noticed a deep elf pyromancer
  9120 | D:10     | Killed a deep elf pyromancer
  9313 | D:10     | Noticed an orc knight
  9315 | D:10     | Noticed a two-headed ogre
  9319 | D:10     | Killed a two-headed ogre
  9324 | D:10     | Reached skill level 13 in Armour
  9330 | D:10     | Killed an orc knight
  9576 | D:10     | Identified the +3 leather armour "Kunoj" {Harm Will+ Dex-4}
  9942 | D:10     | Noticed a two-headed ogre
  9949 | D:10     | Killed a two-headed ogre
 10034 | D:10     | Found a staircase to the Orcish Mines.
 10039 | D:10     | Reached ***** piety under Trog
 10375 | Lair:1   | Entered Level 1 of the Lair of Beasts
 10395 | Lair:1   | Reached skill level 1 in Shields
 10459 | Lair:1   | Received a gift from Trog
 10460 | Lair:1   | Reached XP level 12. HP: 100/116 MP: 11/11
 10930 | Lair:1   | Found the necklace of Bloodlust {*Rage Will++ Int-3 Slay+6}
 11072 | Lair:1   | Noticed a seven-headed hydra
 11084 | Lair:1   | Killed a two-headed hydra
 11085 | Lair:1   | Reached skill level 14 in Armour
 11467 | Lair:2   | Reached skill level 5 in Shields
 11622 | Lair:2   | Found a staircase to the Shoals.
 11893 | Lair:2   | Noticed a five-headed hydra
 11909 | Lair:2   | Killed a one-headed hydra
 12505 | Lair:2   | Identified the +1 robe "Idaolo" {rC+}
 12800 | Lair:3   | Found a staircase to the Snake Pit.
 13025 | Lair:3   | Found a runed translucent gate.
 13025 | Lair:3   | Found a runed translucent gate.
 13026 | Lair:3   | Found a runed translucent gate.
 13027 | Lair:3   | Noticed Deesahac's ghost (journeyman BaFi)
 13028 | Lair:3   | Noticed WindUpCitrus's ghost (journeyman DEFE)
 13047 | Lair:3   | Noticed Tamoilox's ghost (journeyman DsMo)
 13397 | Lair:3   | Found the +4 skin of Zhor {*Englaciate rC+++ SInv}
 13410 | Lair:3   | Reached skill level 15 in Armour
 13706 | Lair:3   | You are sucked into a shaft and drop 3 floors!
 13706 | Lair:6   | Entered Level 6 of the Lair of Beasts
 13726 | Lair:6   | Noticed an eight-headed hydra
 13732 | Lair:6   | Reached XP level 13. HP: 125/125 MP: 12/12
 13978 | Lair:6   | Reached skill level 15 in Fighting
 13981 | Lair:6   | Reached skill level 15 in Axes
 14070 | Lair:5   | Received a gift from Trog
 14135 | Lair:5   | Reached skill level 16 in Armour
 14613 | Lair:5   | Reached skill level 10 in Shields
 16130 | Lair:6   | Reached XP level 14. HP: 127/135 MP: 7/13
 16215 | Lair:6   | Found a viscous altar of Jiyva.
 16244 | Lair:6   | Found a staircase to the Slime Pits.
 16305 | Lair:6   | Reached skill level 17 in Armour
 16361 | Lair:6   | Identified a scroll of acquirement
 16364 | Lair:6   | Acquired 1008 gold pieces
 17212 | Lair:6   | Found a corrupted altar of Lugonu.
 17213 | Lair:6   | Found a one-way gate to the infinite horrors of the Abyss.
 19130 | Lair:3   | Noticed SweetAndFullOfGrace's ghost (journeyman MiBe)
 19162 | Lair:3   | Killed SweetAndFullOfGrace's ghost
 19163 | Lair:3   | Reached skill level 18 in Armour
 19164 | Lair:3   | Killed Deesahac's ghost
 19173 | Lair:3   | Killed Tamoilox's ghost
 19176 | Lair:3   | Killed WindUpCitrus's ghost
 19364 | D:11     | Noticed Josephine
 19373 | D:11     | Killed Josephine
 19395 | D:11     | Noticed Snorg
 19402 | D:11     | Killed Snorg
 19433 | D:11     | Received a gift from Trog
 19495 | D:11     | Noticed Maurice
 19502 | D:11     | Killed Maurice
 19608 | D:11     | Noticed Gastronok
 19625 | D:11     | Killed Gastronok
 19626 | D:11     | Reached XP level 15. HP: 145/145 MP: 14/14
 19808 | D:11     | Noticed Nergalle
 19819 | D:11     | Killed Nergalle
 19963 | D:11     | Noticed Psyche
 19969 | D:11     | Killed Psyche
 20205 | D:12     | Found Nasa's Antique Armour Boutique.
 20219 | D:12     | Noticed Fannar
 20231 | D:12     | Killed Fannar
 20351 | D:12     | Bought the +0 mask of the Dragon {Will+ Slay+3 SInv} for
                  | 1068 gold pieces
 20351 | D:12     | Found the +0 mask of the Dragon {Will+ Slay+3 SInv}
 20472 | D:12     | Reached ****** piety under Trog
 20932 | D:12     | Received a gift from Trog
 21358 | D:13     | Noticed Sonja
 21373 | D:13     | Killed Sonja
 21603 | D:13     | Found a gate to the Vaults.
 21632 | D:13     | Found Xicanloi's Pet Rocks.
 21791 | D:13     | Noticed Kirke
 21803 | D:13     | Killed Kirke
 22342 | D:14     | Reached skill level 19 in Armour
 22554 | D:14     | Found a hide-covered altar of Uskayaw.
 23415 | D:15     | Entered Level 15 of the Dungeon
 23417 | D:15     | Found a staircase to the Depths.
 23443 | D:15     | Reached skill level 15 in Shields
 23908 | D:15     | Reached XP level 16. HP: 140/155 MP: 15/15
 24578 | D:15     | Received a gift from Trog
 25055 | Snake:1  | Entered Level 1 of the Snake Pit
 26007 | Snake:3  | Reached skill level 20 in Armour
 26231 | Snake:3  | Found Huqoq's Jewellery Emporium.
 26283 | Snake:3  | Bought the amulet "Zeizaz" {Spirit *Corrode rPois rN+} for
                  | 557 gold pieces
 26337 | Snake:3  | Found Sustrim's Armour Boutique.
 26457 | Snake:4  | Entered Level 4 of the Snake Pit
 26775 | Snake:4  | Received a gift from Trog
 27315 | Snake:4  | Noticed Vashnia
 28124 | Snake:4  | Killed Vashnia
 28192 | Snake:4  | Reached skill level 21 in Armour
 28738 | Snake:4  | Received a gift from Trog
 28750 | Snake:4  | Reached XP level 17. HP: 141/163 MP: 12/16
 29386 | Snake:4  | Got a serpentine rune of Zot
 29642 | Shoals:1 | Entered Level 1 of the Shoals
 29736 | Shoals:2 | Found Tebiaff's Magic Scroll Boutique.
 29982 | Shoals:4 | Entered Level 4 of the Shoals
 30132 | Shoals:4 | Identified the ring "Xuf Feid" {Fire Int+3 Slay+3}
 30199 | Shoals:4 | HP: 6/249 [merfolk javelineer/javelin (10)]
 30205 | Shoals:4 | Killed from afar by a manticore

Illustrated notes

Levels and vault maps discovered:
D:1:      minmay_arrival_radiant_lines, layout_rooms, item_on_display_a
D:2:      minmay_door_path, layout_basic, ebering_ecumenical_altar_box,
          serial_shops, nicolae_lakefront_shop
D:3:      layout_rooms
D:4:      layout_basic, minmay_temple_entry_wispy, grunt_decor_mini_mirrors,
          uniq_blork_the_orc
D:5:      layout_basic, nzn_wu_jian_contemplation, uniq_crazy_yiuf_cottage
D:6:      layout_basic
D:7:      layout_loops_corners, kennysheep_mini_moat, chequers_big_river,
          kennysheep_small_circle
D:8:      hellmonk_ruined_rings, layout_rooms
D:9:      layout_roguey, hellmonk_ghost_happy_afterlife, water_boxes_lemuel,
          uniq_erolcha
D:10:     minmay_the_grid_octo_tiled_squarecenter
          [minmay_the_grid_octo_fan_narrow, minmay_the_grid_octo_focus,
          minmay_the_grid_octo_empty, minmay_the_grid_octo_empty,
          minmay_the_grid_square_5x5_megaprize_checkered,
          minmay_the_grid_square_5x5_sharp_hourglass,
          minmay_the_grid_square_5x5_mess, minmay_the_grid_square_5x5_n_small,
          minmay_the_grid_square_5x5_longway], layout_basic, hiddenorc2_lemuel
D:11:     layout_rooms, hangedman_parallel_progression, uniq_gastronok,
          uniq_psyche, uniq_maurice, uniq_nergalle, uniq_snorg, uniq_josephine
D:12:     layout_gridville, serial_shops, shop, drop_trap, uniq_fannar
D:13:     layout_long_grid, david_vaults_2, gauntlet_entry_generic,
          guppyfry_shop_earth, uniq_kirke, uniq_sonja
D:14:     layout_loops_corners, nicolae_uskayaw_en_pointe
D:15:     gammafunk_depths_entry_grave, layout_stronghold, nicolae_wwwww
Lair:1:   layout_loops_ring, grunt_megastairs_3, infiniplex_staircase_pool_2
Lair:2:   layout_hall_layers, elwin_shoals_entry_stream, st_stairs_5
Lair:3:   layout_gridlike, guppyfry_snake_entry_island,
          gammafunk_ghost_cemetery, hellmonk_guarded_unrand_zhor
Lair:4:   layout_misc_corridors
Lair:5:   layout_layer_cave, nicolae_lair_grazing_beasts
          [nicolae_sub_lair_graze_edge, nicolae_sub_lair_graze_edge,
          nicolae_sub_lair_graze_edge, nicolae_sub_lair_graze_edge],
          grunt_megastairs_1
Lair:6:   hellmonk_lair_end_abyssal_woods, layout_cave_pods, slime_altar_1,
          cheibrodos_lair_lostbears
Shoals:1: layout_shoals, uniq_frances
Shoals:2: layout_shoals, serial_shops, nicolae_shop_crystal
Shoals:3: layout_shoals
Shoals:4: shoals_end_grunt_garden, layout_shoals, argonaut_gorgonesque
Snake:1:  layout_concentric_octagons, st_stairs_8,
          nrook_guardian_serpent_ordinary
Snake:2:  layout_honeycomb, lemuel_fruit_tree
Snake:3:  layout_cave_town, serial_shops, shop, nicolae_shop_window_shopping,
          nicolae_shop_waterfront, drop_trap, minmay_shop_star
Snake:4:  johnstein_snake_rune_scales, layout_cave_town

Skill      XL: |  1  2  3  4  5  6  7  8  9 10 11 12 13 14 15 16 17 |
---------------+----------------------------------------------------+-----
Fighting       | 4 5 6 7 9 10 12 13 14 15 16 17 18 | 18.6
Axes           | 4 5 6 7 9 10 12 13 14 15 16 17 18 | 18.0
Armour         | 3 4 5 7 8 10 11 13 15 16 18 19 21 | 21.8
Shields        | 2 7 10 13 15 17 18 | 18.3
Dodging        | |  2.1

Action                   |  1- 3 |  4- 6 |  7- 9 | 10-12 | 13-15 | 16-18 || total
-------------------------+-------+-------+-------+-------+-------+-------++-------
Melee: Hand axe          |    69 |   112 |       |   310 |    78 |       ||   569
       Headbutt          |    12 |    12 |    22 |   121 |   274 |   142 ||   583
       Battleaxe         |       |       |   164 |   219 |       |       ||   383
       War axe           |       |       |       |       |   423 |       ||   423
       Broad axe         |       |       |       |       |   463 |   550 ||  1013
Invok: Berserk           |       |     4 |     4 |     8 |    15 |    13 ||    44
       Trog's Hand       |       |       |       |     2 |       |     1 ||     3
       Brothers in Arms  |       |       |       |       |       |     1 ||     1
Evoke: Wand              |       |       |       |       |     5 |       ||     5
  Use: Scroll            |       |       |       |    11 |    10 |     7 ||    28
       Potion            |       |       |       |       |     2 |       ||     2
 Stab: Sleeping          |     1 |       |       |       |       |       ||     1
       Petrifying        |       |       |       |       |     1 |       ||     1
       Invisible         |       |       |       |       |     2 |       ||     2
Armor: Animal skin       |    10 |    10 |       |       |       |       ||    20
       Chain mail        |       |    24 |   121 |   187 |       |    29 ||   361
       Crystal plate arm |       |       |       |   181 |   701 |   366 ||  1248
Dodge: Dodged            |    48 |    59 |    68 |   154 |   217 |   138 ||   684
Block: Other             |       |    19 |    42 |    56 |       |       ||   117
       Reflection        |       |       |     1 |     3 |       |     6 ||    10
       Kite shield       |       |       |       |   189 |   668 |   463 ||  1320
